 Dungeon Crawl Stone Soup version 0.29.0-4-gdea44cf6ec (webtiles) character file.

Game seed: 914261267303214808

55 qw the Chopper (level 3, -8/21 HPs)
             Began as a Tengu Warper on Aug 28, 2022.
             Mangled by a gnoll
             ... wielding a +2 whip of electrocution
              (15 damage)
             ... on level 2 of the Dungeon.
             The game lasted 00:00:07 (1169 turns).

qw the Chopper (Tengu Warper)                       Turns: 1169, Time: 00:00:07

Health: -8/21      AC:  5    Str: 13    XL:     3   Next: 93%
Magic:  7/7        EV: 11    Int: 13    God:
Gold:   56         SH:  0    Dex: 13    Spells: 6/6 levels left

rFire   . . .      SeeInvis .   Y - +0 hand axe
rCold   . . .      Faith    .   (no shield)
rNeg    . . .      Spirit   .   e - +0 ring mail
rPois   .          Reflect  .   (helmet restricted)
rElec   .          Harm     .   (no cloak)
rCorr   .          Rampage  .   (no gloves)
Will    .....                   (boots unavailable)
Stlth   +.........              (no amulet)
HPRegen 0.07/turn               (no ring)
MPRegen 0.10/turn               (no ring)

@: no status effects
A: beak, talons 3
a: no special abilities


You were on level 2 of the Dungeon.
You visited 1 branch of the dungeon, and saw 2 of its levels.

You collected 56 gold pieces.


Innate Abilities, Weirdness & Mutations

You have a beak for a mouth.
You have claws for feet.


   Skills:
 - Level 2.0 Fighting
 + Level 4.5 Axes
 - Level 1.0 Throwing
 - Level 1.1 Armour
 - Level 2.1 Dodging
 - Level 2.0 Spellcasting
 - Level 2.4 Translocations


You had 6 spell levels left.
You didn't know any spells.
Your spell library contained the following spells:

 Spells                   Type           Power      Damage    Failure   Level
 Blink                    Tloc           14%        N/A       30%         2
 Gell's Gravitas          Tloc           7%         N/A       52%         3
 Lesser Beckoning         Tloc           7%         N/A       52%         3
 Teleport Other           Tloc           7%         N/A       52%         3
 Manifold Assault         Tloc           7%         N/A       99%         5

Inventory:

Hand Weapons
 f - a +0 club
 Y - a +0 hand axe (weapon)
Missiles
 d - 2 boomerangs of dispersal (quivered)
Armour
 e - a +0 ring mail (worn)
Potions
 g - a potion of heal wounds {unknown}
 j - a potion of brilliance {unknown}

Dungeon Overview and Level Annotations

Branches:
Dungeon (2/15)

Altars:

Annotations:
D:1 1 transporter


Message History

The adder blinks!
The adder is moderately wounded.
Throw: 4 boomerangs (disperse)
Press: ? - help, Q - select action Shift-Dir - straight line, f/p - adder You throw a boomerang of dispersal.
The boomerang of dispersal hits the adder but does no damage.
The adder is moderately wounded.
Throw: 3 boomerangs (disperse)
Press: ? - help, Q - select action Shift-Dir - straight line, f/p - adder You throw a boomerang of dispersal.
The boomerang of dispersal closely misses the adder.
You closely miss the adder. You claw the adder. You peck the adder.
The adder is almost dead.
You hit the giant cockroach.
The giant cockroach bites you but does no damage.
The adder bites you but does no damage.
You hit the adder. Your kick misses the adder. You peck the adder.
You kill the adder!
You closely miss the giant cockroach. The giant cockroach barely misses you.
You hit the giant cockroach. You claw the giant cockroach.
You kill the giant cockroach!
h - a javelin A gnoll comes into view.
It is wielding a +2 whip of electrocution.
The gnoll shouts!
You see here 3 javelins.
Throw: javelin
Press: ? - help, Q - select action, (/) - cycle Shift-Dir - straight line, f - gnoll You throw a javelin.
The javelin pierces through the gnoll but does no damage.
A gnoll comes into view. It is wielding a +0 spear.
1166 ||| Stepping ~*~*~tactically~*~*~ (stealth).
You hit the gnoll but do no damage. Your kick misses the gnoll.
The gnoll hits you with a +2 whip of electrocution!
1169 ||| Stepping ~*~*~tactically~*~*~ (stealth).
The gnoll attacks as you move away!
The gnoll hits you with a +2 whip of electrocution.
You are electrocuted!
Ouch! That really hurt!
You die...

# #.##########
#.#####...........
####.#.........########
............%%..)..>...
#####.........####..##
#.........+.^....#
#.........####...#
#..)......# #...#
#@........# #...#
#g........# #....
........######### #....
g.......# #....
........# #....
...g....# #...<
........# #.#.#
........# #.#..
......... #.###


You could see 2 gnolls.

Vanquished Creatures
  An adder (D:2)
  5 endoplasms
  3 giant cockroaches
  5 goblins (D:1)
  4 hobgoblins
  2 jackals (D:1)
  5 kobolds
  2 quokkas (D:1)
  4 ball pythons
  4 bats (D:1)
  A frilled lizard (D:1)
  4 rats (D:1)
40 creatures vanquished.

Vanquished Creatures (others)
  7 plants (D:1)
7 creatures vanquished.

Grand Total: 47 creatures vanquished

Notes
Turn   | Place    | Note
-------+----------+-------------------------------------------
     0 | D:1      | qw the Tengu Warper began the quest for the Orb.
     0 | D:1      | Reached XP level 1. HP: 12/12 MP: 4/4
     0 | D:1      | 0 ||| qw: Version: 0.1-a-89-g26bdef1
     0 | D:1      | 0 ||| qw: Game counter: 2144
     0 | D:1      | 0 ||| qw: Always use a shield: true
     0 | D:1      | 0 ||| qw: God list: Okawaru
     0 | D:1      | 0 ||| qw: Allow faded altars: false
     0 | D:1      | 0 ||| qw: Do Orc after D:15 true
     0 | D:1      | 0 ||| qw: Do second Lair branch before Depths: true
     0 | D:1      | 0 ||| qw: Lair rune preference: random
     0 | D:1      | 0 ||| qw: Plans: Normal
     0 | D:1      | 0 ||| PLANNING D:1-11
   137 | D:1      | 137 ||| Stepping ~*~*~tactically~*~*~ (stealth).
   138 | D:1      | 138 ||| Stepping ~*~*~tactically~*~*~ (stealth).
   142 | D:1      | Reached skill level 3 in Axes
   142 | D:1      | Reached XP level 2. HP: 17/17 MP: 6/6
   178 | D:1      | 178 ||| Stepping ~*~*~tactically~*~*~ (stealth).
   346 | D:1      | 346 ||| Stepping ~*~*~tactically~*~*~ (stealth).
   360 | D:1      | 360 ||| Stepping ~*~*~tactically~*~*~ (stealth).
   389 | D:1      | 389 ||| Stepping ~*~*~tactically~*~*~ (stealth).
   401 | D:1      | Reached XP level 3. HP: 21/21 MP: 7/7
   614 | D:1      | Found a faded altar of an unknown god.
   624 | D:1      | Reached skill level 4 in Axes
   648 | D:1      | 648 ||| Stepping ~*~*~tactically~*~*~ (water).
   999 | D:1      | 999 ||| UPGRADING to +0 ring mail.
  1009 | D:1      | 1009 ||| DROPPING +0 leather armour.
  1010 | D:1      | 1010 ||| DROPPING orb of guile.
  1011 | D:1      | 1011 ||| READING scroll labelled ULIECI PEUBLIY.
  1014 | D:1      | 1014 ||| DROPPING scroll of blinking.
  1023 | D:2      | 1023 ||| STAIRDANCE
  1030 | D:2      | 1030 ||| STAIRDANCE
  1166 | D:2      | 1166 ||| Stepping ~*~*~tactically~*~*~ (stealth).
  1169 | D:2      | 1169 ||| Stepping ~*~*~tactically~*~*~ (stealth).
  1169 | D:2      | Mangled by a gnoll

Levels and vault maps discovered:
D:1:      spicycebolla_arrival_risky_transporter, layout_loops_ring,
          hellmonk_ecumenical_altar_crossroads, serial_bayou,
          serial_bayou_pond_a, serial_bayou_ford_a, serial_bayou_crossing,
          serial_bayou_shore_a
D:2:      layout_basic, basic_altar, uniq_natasha

Skill      XL: |  1  2  3 |
---------------+----------+-----
Axes           | 3 4 |  4.5
Fighting       | |  2.0
Throwing       | |  1.0
Armour         | |  1.1
Dodging        | |  2.1
Spellcasting   | |  2.0
Translocations | |  2.4

Action                   || total
-------------------------++-------
Melee: Hand axe          ||    46
       Peck              ||     9
       Kick              ||     7
Throw: Javelin           ||    35
       Boomerang         ||     5
  Use: Scroll            ||     1
Armor: Leather armour    ||    13
       Ring mail         ||     3
Dodge: Dodged            ||    34

Table legend:
 A = Non-vault XP
 B = Vault XP
 C = Vault XP percentage of total XP
 D = Non-vault monster count
 E = Vault monster count
 F = Vault count percentage of total count
                 A         B        C        D         E       F
            +---------+---------+-------+---------+---------+-------
      Total |      79 |       0 |   0.0 |      40 |       0 |   0.0
            +---------+---------+-------+---------+---------+-------
        D:1 |      54 |       0 |   0.0 |      32 |       0 |   0.0
        D:2 |      25 |       0 |   0.0 |       8 |       0 |   0.0
            +---------+---------+-------+---------+---------+-------
